 Dungeon Crawl Stone Soup version 0.22.0-6-g71bd7aa (webtiles) character file.

25 harcile the Firebug (level 3, -1/26 HPs)
             Began as a Hill Orc Fire Elementalist on Aug 15, 2018.
             Slain by a kobold
             ... wielding a +2 whip of venom
              (3 damage)
             ... on level 1 of the Dungeon.
             The game lasted 00:02:24 (518 turns).

harcile the Firebug (Hill Orc Fire Elementalist)     Turns: 518, Time: 00:02:25

Health: -1/26      AC:  2    Str: 11    XL:     3   Next: 4%
Magic:  2/5        EV: 12    Int: 15    God:
Gold:   0          SH:  0    Dex: 11    Spells: 4/5 levels left

rFire    . . .     SeeInvis .   b - +0 hand axe
rCold    . . .     Gourm    .   (no shield)
rNeg     . . .     Faith    .   a - +0 robe
rPois    .         Spirit   .   (no helmet)
rElec    .         Reflect  .   (no cloak)
rCorr    .         Harm     .   (no gloves)
MR       .....                  (no boots)
Stlth    ++........             (no amulet)
HPRegen  0.08/turn              (no ring)
MPRegen  0.09/turn              (no ring)

@: lethally poisoned (-1 -> -29), very slightly contaminated
A: no striking features
a: no special abilities


You were on level 1 of the Dungeon.
You were not hungry.

You visited 1 branch of the dungeon, and saw 1 of its levels.

Inventory:

Hand Weapons
 b - a +0 hand axe (weapon)
 k - a +0 spear
Armour
 a - a +0 robe (worn)
Scrolls
 e - a scroll of fear {unknown}
 i - a scroll of identify {unknown}
 l - a scroll of magic mapping {unknown}
Potions
 f - a potion of curing {unknown}
 g - a potion of degeneration {unknown}
 h - a potion of flight {unknown}
 j - a potion of haste {unknown}
 m - a potion of invisibility {unknown}
Comestibles
 c - 4 rations
 d - 3 chunks of flesh


   Skills:
 + Level 0.6 Axes
 + Level 1.6 Dodging
 + Level 1.8 Stealth
 + Level 1.8 Spellcasting
 + Level 1.0 Conjurations
 + Level 4.0 Fire Magic


You had 4 spell levels left.
You knew the following spells:

 Your Spells              Type           Power        Failure   Level  Hunger
z - Flame Tongue          Conj/Fire      #....        8%          1    ##.....

Your spell library contained the following spells:

 Spells                   Type           Power        Failure   Level  Hunger
 Fireball                 Conj/Fire      #.........   91%         5    ######.
 Conjure Flame            Conj/Fire      #.......     24%         3    ####...
 Throw Flame              Conj/Fire      #.....       12%         2    ###....
 Sticky Flame             Conj/Fire      #.......     61%         4    #####..
 Inner Flame              Hex/Fire       #.......     30%         3    ####...


Dungeon Overview and Level Annotations

Branches:
Dungeon (1/15)

Altars:


Message History

Casting: Flame Tongue (safe; 8% risk of failure)
Confirm with . or Enter, or press ? or * to list all spells.
Aiming: Flame Tongue (safe; 8% risk of failure)
Press: ? - help, Shift-Dir - straight line, f/p - kobold
Aim: a kobold, wielding a whip of venom (severely wounded)
You miscast Flame Tongue.
You are very lightly contaminated with residual magic.
Sparks fly from your hands!
* * * LOW HITPOINT WARNING * * *
You feel sick. The kobold closely misses you.
Casting: Flame Tongue (safe; 8% risk of failure)
Confirm with . or Enter, or press ? or * to list all spells.
Aiming: Flame Tongue (safe; 8% risk of failure)
Press: ? - help, Shift-Dir - straight line, f/p - kobold
Aim: a kobold, wielding a whip of venom (severely wounded)
The flame tongue misses the kobold.
* * * LOW HITPOINT WARNING * * *
You feel sick.
The kobold hits you with a whip of venom.
You die...

########## .........############
#### .................... #...
#......#.######.... #...
...##..#.# ... ##...
...##..#.#######K# #....
...##...........@# #....
...##..........#.# #....
#.###.#..#####.#.###### #.###
.................#....#######.###
#.....#..#####...#....##.........
####.....#####.#(#....##.......##
............)....................
####.....#.###....######.......##
####.....#.# #.....#####.......#


You could see a kobold.

Vanquished Creatures
  2 oozes (D:1)
  A dart slug (D:1)
  A leopard gecko (D:1)
  4 goblins (D:1)
  3 hobgoblins (D:1)
  3 frilled lizards (D:1)
14 creatures vanquished.

Notes
Turn   | Place    | Note
-------+----------+-------------------------------------------
     0 | D:1      | harcile the Hill Orc Fire Elementalist began the quest for the Orb.
     0 | D:1      | Reached XP level 1. HP: 14/14 MP: 3/3
   278 | D:1      | Reached XP level 2. HP: 20/20 MP: 2/4
   402 | D:1      | Reached XP level 3. HP: 19/26 MP: 0/5
   474 | D:1      | Reached skill level 4 in Fire Magic
   518 | D:1      | Slain by a kobold

Skill      XL: |  1  2  3 |
---------------+----------+-----
Fire Magic     | 4 |  4.0
Axes           | |  0.6
Dodging        | |  1.6
Stealth        | |  1.8
Spellcasting   | |  1.8
Conjurations   | |  1.0

Action                   || total
-------------------------++-------
Melee: Hand axe          ||    19
 Cast: Flame Tongue      ||    16
Armor: Robe              ||     1
Dodge: Dodged            ||    12
